 Dungeon Crawl Stone Soup version 0.26-a0-837-g5a8a614f01 (webtiles) character file.

Game seed: 17001588773380639097

124 Morbidden the Sneak (level 4, 6/51 HPs)
             Began as a Demonspawn Brigand on Nov 18, 2020.
             Quit the game on level 3 of the Dungeon.
             The game lasted 00:02:09 (1928 turns).

Morbidden the Sneak (Demonspawn Brigand)            Turns: 1928, Time: 00:02:10

Health: 6/51       AC: 22    Str: 10 (11) XL:     4   Next: 81%
Magic:  4/4        EV:  2    Int: 10 (13) God:
Gold:   111        SH:  0    Dex: 15      Spells: 3/3 levels left

rFire    + . .     SeeInvis .   a - +2 dagger
rCold    + . .     Faith    .   (no shield)
rNeg     + + +     Spirit   .   (armour currently unavailable)
rPois    +         Reflect  .   (helmet currently unavailable)
rElec    +         Harm     .   (cloak currently unavailable)
rCorr    +         Rampage  .   (gloves currently unavailable)
MR       .....     NoTele   +   (boots currently unavailable)
Stlth    +++.......             (no amulet)
HPRegen  0.17/turn              (no ring)
MPRegen  0.09/turn              (no ring)

@: tree-form, resistant, berserk cooldown, very slightly contaminated, slowed,
invisible, very slow
A: deterioration 1
a: no special abilities


You were on level 3 of the Dungeon.
You were a tree.
You visited 1 branch of the dungeon, and saw 3 of its levels.

You collected 111 gold pieces.

Inventory:

Hand Weapons
 a - a +2 dagger (weapon)
Missiles
 d - 8 poisoned darts (quivered)
 e - 2 curare-tipped darts
Armour
 b - a +0 robe (melded)
 c - a +0 cloak (melded)
 m - a +0 pair of boots (melded)
Scrolls
 f - 6 scrolls of remove curse {unknown}
 g - 5 scrolls of identify {unknown}
 i - 2 scrolls of immolation {unknown}
 j - a scroll of fear {unknown}
 k - a scroll of enchant armour {unknown}
 p - a scroll of teleportation {unknown}
 q - a scroll of amnesia {unknown}
Potions
 h - a potion of lignification
 l - a potion of resistance
 u - a potion of brilliance {unknown}
 v - a potion of curing {unknown}
 w - a potion of haste {unknown}


   Skills:
 * Level 2.7 Fighting
 + Level 2.5 Short Blades
 + Level 1.9 Throwing
 * Level 2.1 Dodging
 + Level 4.6 Stealth


You had 3 spell levels left.
You didn't know any spells.
Your spell library was empty.

Dungeon Overview and Level Annotations

Branches:
Dungeon (3/15)

Altars:


Innate Abilities, Weirdness & Mutations

((You are partially covered in sharp spines.))
((You have a pair of small antennae on your head.))
((You have large cloven feet.))
Your body sometimes deteriorates upon taking damage.


Message History

You are exhausted.
You feel yourself slow down.
The orc hits you from afar with a +1 vampiric trident.
* * * LOW HITPOINT WARNING * * *
You cannot move.
Unknown command.
It was a potion of invisibility.
You fade into invisibility!
The orc hits you but does no damage.
You are very lightly contaminated with residual magic.
Unknown command.
It was a potion of mutation.
You feel extremely strange.
You feel yourself wasting away. A pair of antennae grows on your head!
Your feet thicken and deform.
The orc hits you but does no damage.
It was a potion of flight.
Your roots keep you in place.
The orc hits you but does no damage. The orc barely misses you.
Unknown command.
Okay, then.
Are you sure you want to abandon this character and quit the game? (Confirm with "yes".)

.................
##.#.
...................
#.#.
#.#.#####..........
#..< # #
#.#....###. #.#.
...#####.#.#..# ..
#. ...........#..#
## #.
#.########.##.# #.
##. #.# .# ## #...
#♣# .. . .#....##)#
# ........o#
.........#
.........#
.#.#.....#
#.......# #.......#
#..######


You could see an orc.

Vanquished Creatures
  2 orc wizards (D:3)
  An adder (D:2)
  3 dart slugs
  A leopard gecko (D:1)
  3 orcs
  4 giant cockroaches
  6 goblins
  4 hobgoblins
  5 jackals (D:2)
  9 bats
  2 frilled lizards
  8 kobolds
  4 rats
52 creatures vanquished.

Vanquished Creatures (others)
  A worm (D:2)
1 creature vanquished.

Grand Total: 53 creatures vanquished

Notes
Turn   | Place    | Note
-------+----------+-------------------------------------------
     0 | D:1      | Morbidden the Demonspawn Brigand began the quest for the
                  | Orb.
     0 | D:1      | Reached XP level 1. HP: 16/16 MP: 1/1
   355 | D:1      | Gained mutation: You are partially covered in sharp spines.
                  | [demonic ancestry]
   355 | D:1      | Reached XP level 2. HP: 20/22 MP: 2/2
   414 | D:1      | Reached skill level 1 in Dodging
   439 | D:1      | Reached skill level 4 in Stealth
   914 | D:2      | Reached XP level 3. HP: 25/27 MP: 3/3
  1890 | D:3      | Reached XP level 4. HP: 30/34 MP: 4/4
  1926 | D:3      | Gained mutation: Your body sometimes deteriorates upon
                  | taking damage. [potion of mutation]
  1926 | D:3      | Gained mutation: You have a pair of small antennae on your
                  | head. [potion of mutation]
  1926 | D:3      | Gained mutation: You have large cloven feet. [potion of
                  | mutation]
  1928 | D:3      | Quit the game

Illustrated notes

Levels and vault maps discovered:
D:1:      nzn_arrival_depleted_hourglass, layout_basic, serial_rivers,
          chequers_serial_rivers_small_a, chequers_serial_rivers_micro_b,
          chequers_serial_rivers_micro_a, chequers_serial_rivers_large_a,
          chequers_serial_rivers_micro_b, chequers_serial_rivers_micro_d,
          bh_walls_and_bars
D:2:      layout_loops_corners, lemuel_flame_loot_1
D:3:      layout_basic, solitary_fountain

Skill      XL: |  1  2  3  4 |
---------------+-------------+-----
Short Blades   | 2 |  2.5
Dodging        | 1 2 |  2.1
Stealth        | 4 |  4.6
Fighting       | |  2.7
Throwing       | |  1.9

Action                   |  1- 3 |  4- 6 || total
-------------------------+-------+-------++-------
Melee: Dagger            |   100 |    22 ||   122
  Use: Potion            |       |     7 ||     7
 Stab: Sleeping          |    12 |       ||    12
Armor: Robe              |    29 |     6 ||    35
       Skin              |       |    17 ||    17
Dodge: Dodged            |    58 |     6 ||    64

Table legend: (Time is in decaauts)
 A = Elapsed time spent in this place.
 B = Non-inter-level travel time spent in this place.
 C = Inter-level travel time spent in this place.
 D = Time resting spent in this place.
 E = Time spent auto-exploring this place.
 F = Levels seen in this place.
 G = Mean time per level.
                   A        B        C        D        E       F      G
               +--------+--------+--------+--------+--------+-----+--------+
         Total |   1924 |   1884 |     40 |      0 |   1568 |   3 |  641.3 |
       Dungeon |   1924 |   1884 |     40 |      0 |   1568 |   3 |  641.3 |
               +--------+--------+--------+--------+--------+-----+--------+

Top non-repeatable levels by time:
     D:2: 908 daAuts
     D:1: 888 daAuts
     D:3: 127 daAuts
